 Dungeon Crawl Stone Soup version 0.13-a0-1502-g99810c3 (webtiles) character file.

4408 Kae the Basher (level 10, -1/85 HPs)
             Began as a Minotaur Berserker on June 8, 2013.
             Was a High Priest of Trog.
             Slain by an unseen horror (10 damage)
             ... on Level 8 of the Dungeon.
             The game lasted 00:12:51 (8089 turns).

Kae the Basher (Minotaur Berserker)                 Turns: 8089, Time: 00:12:51

HP  -1/85        AC 13     Str 22      XL: 10   Next:  3%
MP   3/3         EV 15     Int  4      God: Trog [*****.]
Gold 395         SH  0     Dex 13      Spells:  0 memorised,  9 levels left

Res.Fire  : . . .   See Invis. : .   u - +2 dire flail (curse)
Res.Cold  : . . .   Warding    : .   D - +2 orc leather armour {MR+}
Life Prot.: . . .   Conserve   : .   (no shield)
Res.Poison: .       Res.Corr.  : .   (helmet restricted)
Res.Elec. : .       Clarity    : +   n - +0 cloak
Sust.Abil.: + .     Spirit.Shd : .   t - +2 pair of gloves
Res.Mut.  : .       Stasis     : .   F - +1 pair of boots (curse)
Res.Rott. : .       Flight     : .   H - cursed amulet of clarity
Saprovore : . . .                    i - ring of invisibility
                                     w - ring of sustain abilities

@: very slightly contaminated, quite resistant to hostile enchantments, very
unstealthy
A: retaliatory headbutt, horns 2
a: Burn Spellbooks, Berserk, Trog's Hand, Brothers in Arms, Renounce Religion,
Evoke Invisibility


You were on level 8 of the Dungeon.
You worshipped Trog.
Trog was exalted by your worship.
You were not hungry.

You visited 2 branches of the dungeon, and saw 10 of its levels.

You collected 375 gold pieces.

Inventory:

Hand weapons
 u - a cursed +2,+2 dire flail (weapon)
Armour
 n - a +0 cloak (worn)
 t - a +2 pair of gloves (worn)
 D - a +2 orcish leather armour of magic resistance (worn)
 F - a cursed +1 pair of boots (worn)
Magical devices
 e - a wand of cold (15) {unknown}
 x - a wand of polymorph (16) {unknown}
 I - a wand of draining (8) {unknown}
Comestibles
 c - 10 bread rations
 j - 21 grapes
 r - 4 meat rations
 J - 2 pears
 M - a chunk of adder flesh
Scrolls
 a - 2 scrolls of enchant weapon I {unknown}
 d - a scroll of blinking
 l - a scroll of immolation {unknown}
 m - a scroll of fear
 p - a scroll of vulnerability {unknown}
 q - 7 scrolls of teleportation
 y - a scroll of enchant armour {unknown}
 A - 3 scrolls of identify
 O - 2 scrolls of magic mapping {unknown}
Jewellery
 i - a ring of invisibility (right hand)
 w - a ring of sustain abilities (left hand)
 B - a cursed ring of teleportation {unknown}
 H - a cursed amulet of clarity (around neck)
Potions
 f - 3 potions of restore abilities
 g - 3 potions of brilliance
 h - 2 potions of magic {unknown}
 k - a potion of cure mutation {unknown}
 o - a potion of might
 s - 2 potions of speed
 v - a potion of invisibility {unknown}
 z - a potion of berserk rage {unknown}
 E - a potion of agility {unknown}
 G - a potion of beneficial mutation {unknown}
 K - a potion of poison {unknown}
 L - a potion of degeneration {unknown}
Books
 b - a book of Cantrips

   Spells                             Type                      Level
   Confusing Touch                    Hexes                        1
   Animate Skeleton                   Necromancy                   1
   Summon Small Mammal                Summoning                    1
   Apportation                        Translocation                1
   Trog disapproves of the use of such an item.
 N - a Grand Grimoire {highlevel}

   This book is beyond your current level of understanding.

   Spells                             Type                      Level
   Demonic Horde                      Summoning                    6
   Mass Abjuration                    Summoning                    6
   Haunt                              Necromancy/Summoning         7
   Summon Greater Demon               Summoning                    7
   Malign Gateway                     Summoning/Translocation      7
   Summon Horrible Things             Summoning                    8
   Trog disapproves of the use of such an item.


   Skills:
 + Level 8.1 Fighting
 * Level 11.0 Maces & Flails
 + Level 7.8 Armour
 + Level 6.9 Dodging


You had 9 spell levels left.
You didn't know any spells.

Dungeon Overview and Level Annotations

Branches:
Dungeon (9/27)             Temple (1/1) D:5
    Orc: D:6-11        Lair: D:8-13

Altars:
Ashenzari
Cheibriados
Elyvilon
Fedhas
Kikubaaqudgha
Makhleb
Nemelex Xobeh
Okawaru
Sif Muna
Trog
Vehumet
Xom
Yredelemnul
Zin
the Shining One

Annotations
D:3 1 exclusion


Innate Abilities, Weirdness & Mutations

You reflexively headbutt those who attack you in melee.
You have a pair of horns on your head.


Message History

Unknown command.
Drink which item? (? for menu, Esc to quit)
You feel better. It hits you but does no damage. The yak gores you!
* * * LOW HITPOINT WARNING * * *
Drink which item? (? for menu, Esc to quit)
You feel better. It hits you.
* * * LOW HITPOINT WARNING * * *
The yak gores you.
* * * LOW HITPOINT WARNING * * *
Drink which item? (? for menu, Esc to quit)
You feel better. It hits you but does no damage. The yak misses you.
Unknown command.
Read which item? (? for menu, Esc to quit)
Blink to where?
Press: ? - help, Dir - move target cursor
As you read the scroll of blinking, it crumbles to dust.
You are very lightly contaminated with residual magic.
Found a burning altar of Makhleb.
It hits you!
You die...

... ........)...# ##
......#..##.# ......#.)##.# .
......#.[##.#### ...
.......#).......#
.._.................# ######.
....$###.#.#........# .......
............#........#
................@.......[....#
..............###.####.......#
######## .## #............# #
#..........#.# #
#..........#.# .
#..........#.# ##
#...Y......#.# #
#.....$....#.# #
#..ยง.......#.#


You could see a yak.

Vanquished Creatures
  Pikel (D:4)
  4 humans (D:5)
  Joseph (D:8)
  Grinder (D:4)
  3 ogres
  A sky beast (D:6)
  An ice beast (D:7)
  A centaur (D:3)
  A phantom (D:5)
  A big kobold (D:8)
  A water moccasin (D:8)
  A giant frog (D:7)
  A centaur zombie (D:8)
  Blork the orc (D:4)
  A goliath beetle (D:7)
  4 hounds (D:5)
  Crazy Yiuf (D:4)
  An iguana (D:6)
  A scorpion (D:5)
  5 orc wizards
  A steam dragon skeleton (D:7)
  Ijyb (D:4)
  A mummy (D:8)
  8 gnolls
  9 adders
  An adder skeleton (D:4)
  A scorpion zombie (D:7)
  2 worms
  A bat skeleton (D:4)
  5 giant eyeballs
  An ooze (D:3)
  24 orcs
  8 giant cockroaches
  19 hobgoblins
  13 jackals
  5 quokkas
  7 bats
  3 giant geckos
  A giant gecko skeleton (D:3)
  10 giant newts
  12 goblins
  17 kobolds
  A quokka skeleton (D:4)
  11 rats
  A rat skeleton (D:4)
  A rat zombie (D:5)
196 creatures vanquished.

Vanquished Creatures (others)
  An iguana (D:4)
  A hound (D:4)
  An orc wizard (D:5)
  An adder (D:4)
  A giant cockroach (D:4)
  A kobold (D:4)
  A plant (D:4)
7 creatures vanquished.

Grand Total: 203 creatures vanquished

Notes
Turn   | Place    | Note
--------------------------------------------------------------
     0 | D:1      | Kae, the Minotaur Berserker, began the quest for the Orb.
     0 | D:1      | Reached XP level 1. HP: 19/19 MP: 0/0
     0 | D:1      | TZer0: WEEEEEEEEEEEEEEEEEEEEEEEEEEEEEEEEEEEEEEE!!!!!!!!!!!!!!
     0 | D:1      | TZer0: Or something
     0 | D:1      | Kae: wut ?
     5 | D:1      | Noticed a hog
     5 | D:1      | Noticed a wyvern
     5 | D:1      | Noticed a worker ant
     5 | D:1      | Noticed a salamander
   208 | D:1      | Reached skill level 4 in Maces & Flails
   261 | D:1      | Reached XP level 2. HP: 26/26 MP: 0/0
   844 | D:2      | Acquired Trog's second power
   930 | D:2      | Reached XP level 3. HP: 33/33 MP: 1/1
  1114 | D:2      | Found a burning altar of Makhleb.
  1114 | D:2      | Noticed a balrug
  1117 | D:2      | Noticed a ynoxinul
  1117 | D:2      | Noticed a ynoxinul
  1220 | D:2      | Found a basalt altar of Yredelemnul.
  1473 | D:3      | Reached XP level 4. HP: 17/40 MP: 1/1
  1474 | D:3      | Reached skill level 5 in Maces & Flails
  1742 | D:3      | Noticed a centaur
  1865 | D:3      | Found a blossoming altar of Fedhas.
  1884 | D:3      | HP: 2/40 [centaur (8)]
  1885 | D:3      | Killed a centaur
  1885 | D:3      | Reached XP level 5. HP: 2/46 MP: 1/1
  2473 | D:3      | Found a bloodstained altar of Trog.
  3311 | D:3      | Found a white marble altar of Elyvilon.
  3382 | D:3      | Found a sparkling altar of Nemelex Xobeh.
  3586 | D:4      | Noticed Pikel
  3586 | D:4      | Noticed a slave
  3586 | D:4      | Noticed a slave
  3588 | D:4      | Noticed a slave
  3589 | D:4      | Noticed a slave
  3595 | D:4      | Killed Pikel
  3595 | D:4      | Reached skill level 5 in Fighting
  3595 | D:4      | Reached skill level 7 in Maces & Flails
  3595 | D:4      | Reached skill level 5 in Armour
  3595 | D:4      | Reached XP level 6. HP: 31/55 MP: 2/2
  3595 | D:4      | Reached XP level 7. HP: 33/60 MP: 2/2
  3609 | D:4      | TZer0: Things are running :)
  3688 | D:4      | TZer0: Including the terminal-version
  3688 | D:4      | Kae: eww
  3688 | D:4      | TZer0: lol
  3688 | D:4      | Kae: i tried it once
  3688 | D:4      | Kae: never again lol
  3728 | D:4      | Noticed Blork the orc
  3730 | D:4      | Found an ancient bone altar of Kikubaaqudgha.
  3731 | D:4      | Noticed Grinder
  3731 | D:4      | Paralysed by Grinder for 4 turns
  3731 | D:4      | TZer0: bahahahahah
  3735 | D:4      | TZer0: ohai
  3735 | D:4      | TZer0: party times
  3748 | D:4      | Killed Grinder
  3776 | D:3      | TZer0: oh wow
  3776 | D:3      | TZer0: pure luck
  3776 | D:3      | Kae: its ok i got this
  3776 | D:3      | Kae: no
  3781 | D:3      | TZer0: you should've died there
  4045 | D:3      | TZer0: :P
  4045 | D:3      | Kae: i know ^^
  4061 | D:4      | Killed Blork the orc
  4109 | D:4      | TZer0: next time
  4135 | D:4      | Found a glowing silver altar of Zin.
  4136 | D:4      | TZer0: try running into one of the slaves
  4136 | D:4      | TZer0: :P
  4147 | D:4      | Reached skill level 8 in Maces & Flails
  4147 | D:4      | Reached XP level 8. HP: 60/68 MP: 2/2
  4346 | D:4      | Noticed Ijyb
  4355 | D:4      | Killed Ijyb
  4361 | D:4      | Paralysed by a giant eyeball for 2 turns
  4365 | D:4      | Paralysed by a giant eyeball for 4 turns
  4557 | D:4      | Noticed Crazy Yiuf
  4564 | D:4      | Killed Crazy Yiuf
  4884 | D:5      | Entered Level 5 of the Dungeon
  4890 | D:5      | Acquired Trog's third power
  5056 | D:5      | Noticed a human
  5078 | D:5      | Noticed a human
  5078 | D:5      | Killed a human
  5078 | D:5      | Reached skill level 9 in Maces & Flails
  5078 | D:5      | Reached skill level 5 in Dodging
  5538 | D:5      | Killed a human
  5538 | D:5      | Reached XP level 9. HP: 75/75 MP: 3/3
  5749 | D:5      | Found a staircase to the Ecumenical Temple.
  5766 | Temple   | Entered the Ecumenical Temple
  6196 | D:5      | Reached skill level 10 in Maces & Flails
  6884 | D:7      | Paralysed by a giant eyeball for 4 turns
  6972 | D:7      | Found a snail-covered altar of Cheibriados.
  7173 | D:7      | Paralysed by a giant eyeball for 3 turns
  7643 | D:7      | Paralysed by a giant eyeball for 4 turns
  7687 | D:8      | Found a shimmering altar of Xom.
  7755 | D:8      | Noticed Joseph
  7775 | D:8      | Killed Joseph
  7775 | D:8      | Reached skill level 11 in Maces & Flails
  7775 | D:8      | Reached XP level 10. HP: 34/85 MP: 3/3
  8011 | D:8      | Paralysed by a giant eyeball for 2 turns
  8083 | D:9      | HP: 1/85 [yak (5)]
  8088 | D:8      | Found a burning altar of Makhleb.
  8089 | D:8      | Slain by an unseen horror

Action                   |  1- 3 |  4- 6 |  7- 9 | 10-12 || total
-------------------------+-------+-------+-------+-------++-------
Melee: Mace              |    76 |    19 |       |       ||    95
       Dire flail        |       |    39 |   266 |    11 ||   316
Invok: Berserk           |     1 |       |     5 |       ||     6
       Trog's Hand       |       |     2 |       |       ||     2
  Use: Potion            |       |       |     2 |     3 ||     5
       Scroll            |       |       |    13 |     1 ||    14
 Stab: Sleeping          |       |       |     1 |       ||     1
